 Dungeon Sprint DCSS version 0.22-a0-785-g6253c82ace (webtiles) character file.

606 Htamos the Warrior (level 7, -2/98 HPs)
             Began as an Ogre Fighter on July 20, 2018.
             Was an Initiate of Cheibriados.
             Slain by Sonja
             ... wielding a +1 dagger of draining
              (3 damage)
             ... in the Dungeon (Sprint I: "Red Sonja").
             The game lasted 00:02:25 (699 turns).

Htamos the Warrior (Ogre Fighter)                    Turns: 699, Time: 00:02:26

Health: -2/98      AC:  5    Str: 29    XL:     7   Next: 42%
Magic:  6/7        EV:  6    Int: 10    God:    Cheibriados [......]
Gold:   413        SH:  7    Dex:  9    Spells: 6/6 levels left

rFire    + . .     SeeInvis .   a - +0 flail
rCold    + . .     Gourm    .   c - +0 shield
rNeg     . . .     Faith    .   g - +2 robe {rC+ rF+}
rPois    .         Spirit   .   (helmet restricted)
rElec    .         Reflect  .   (no cloak)
rCorr    .         Harm     .   (gloves unavailable)
MR       .....     NoTele   +   (boots unavailable)
Stlth    +.........             (no amulet)
HPRegen  0.26/turn              (no ring)
MPRegen  0.10/turn              (no ring)

@: mighty, lethally poisoned (-2 -> -5), slowed, extremely drained, very slow
A: large, unfitting armour, tough skin 1
a: Bend Time, Renounce Religion


You were in the Dungeon.
You worshipped Cheibriados.
Cheibriados was noncommittal.
You were not hungry.

You visited 1 branch You collected 413 gold pieces.

Inventory:

Hand Weapons
 a - a +0 flail (weapon)
 l - a +0 giant spiked club
Armour
 b - a +0 robe
 c - a +0 shield (worn)
 g - a +2 robe of resistance (worn)
Scrolls
 k - a scroll of blinking
Potions
 e - a potion of curing
 h - a potion of haste
 i - 2 potions of magic
 j - a potion of berserk rage
Comestibles
 f - 2 rations


   Skills:
 * Level 15.4(7.4) Fighting
 + Level 8.3(1.6) Maces & Flails
 - Level 3.7(0.0) Dodging
 - Level 3.7(0.0) Shields


You had 6 spell levels left.
You didn't know any spells.
Your spell library was empty.

Dungeon Overview and Level Annotations

Branches:
Dungeon (1/1)

Altars:
Cheibriados
Dithmenos
Elyvilon
Fedhas
Gozag
Hepliaklqana
Kikubaaqudgha
Makhleb
Nemelex Xobeh
Okawaru
Qazlal
Ru
Sif Muna
Trog
Uskayaw
Vehumet
Wu Jian
Xom
Yredelemnul
Zin
The Shining One
Jiyva
Lugonu

Shops:
D *

Annotations:
D Sonja


Innate Abilities, Weirdness & Mutations

You are too large for most types of armour.
You have tough skin. (AC +1)


Message History

* * * LOW HITPOINT WARNING * * *
You feel drained. You block Sonja's attack. Sonja hits you but does no damage.
You feel drained.
Sonja hits you with an uncursed dagger of draining.
* * * LOW HITPOINT WARNING * * *
You feel drained.
* * * LOW HITPOINT WARNING * * *
Sonja hits you with an uncursed dagger of draining.
* * * LOW HITPOINT WARNING * * *
You feel drained.
* * * LOW HITPOINT WARNING * * *
Sonja closely misses you.
Unknown command.
Okay, then.
You closely miss Sonja.
Sonja is moderately wounded.
* * * LOW HITPOINT WARNING * * *
You feel sick.
Sonja hits you with an uncursed dagger of draining.
You die...

######################
#<.#..'..#.)'..#__#..+
#..').#..'..#..'^.'..#
#..#####'#####'#__####
#..####..#...#.####
#..#__####..##(#
#..#_____##'#_.+
#⌠⌠#_.∩.K@'.(._#
####_..__##_.#'#
#_____###(#.# #######
#.### $.$ #$.$# ##.##
#+#


You could see Sonja.

Vanquished Creatures
  A slime creature (D)
  Sigmund (D)
  A yak (D)
  An ogre (D)
  A jelly (D)
  Ijyb (D)
6 creatures vanquished.

Notes
Turn   | Place    | Note
-------+----------+-------------------------------------------
     0 | D        | Htamos the Ogre Fighter began the quest for the Orb.
     0 | D        | Reached XP level 1. HP: 24/24 MP: 1/1
     1 | D        | Noticed Ijyb
    28 | D        | Killed Ijyb
    28 | D        | Reached skill level 5 in Fighting
    28 | D        | Reached XP level 2. HP: 26/35 MP: 2/2
    28 | D        | Reached XP level 3. HP: 31/42 MP: 3/3
   105 | D        | Noticed an ogre
   112 | D        | Killed an ogre
   112 | D        | Reached skill level 9 in Fighting
   112 | D        | Reached XP level 4. HP: 44/59 MP: 4/4
   197 | D        | Noticed Sigmund
   214 | D        | Killed Sigmund
   214 | D        | Reached skill level 12 in Fighting
   214 | D        | Reached XP level 5. HP: 42/75 MP: 5/5
   214 | D        | Reached XP level 6. HP: 47/84 MP: 6/6
   378 | D        | Found an ornate altar of the Wu Jian Council.
   378 | D        | Found a deep blue altar of Sif Muna.
   380 | D        | Found a radiant altar of Vehumet.
   427 | D        | Found Roirism's General Store.
   427 | D        | Found an ancient bone altar of Kikubaaqudgha.
   427 | D        | Found a hazy altar of Hepliaklqana.
   427 | D        | Found a stormy altar of Qazlal.
   427 | D        | Found a hide-covered altar of Uskayaw.
   427 | D        | Found a blossoming altar of Fedhas.
   427 | D        | Found a bloodstained altar of Trog.
   427 | D        | Found an iron altar of Okawaru.
   427 | D        | Found a basalt altar of Yredelemnul.
   427 | D        | Found a glowing golden altar of the Shining One.
   427 | D        | Found a snail-covered altar of Cheibriados.
   427 | D        | Found a sacrificial altar of Ru.
   427 | D        | Found a glowing silver altar of Zin.
   427 | D        | Found a shadowy altar of Dithmenos.
   427 | D        | Found a white marble altar of Elyvilon.
   427 | D        | Noticed a yak
   431 | D        | Killed a yak
   431 | D        | Reached skill level 14 in Fighting
   432 | D        | Found an opulent altar of Gozag.
   435 | D        | Found a sparkling altar of Nemelex Xobeh.
   441 | D        | Became a worshipper of Cheibriados the Contemplative
   498 | D        | Found a viscous altar of Jiyva.
   498 | D        | Found a corrupted altar of Lugonu.
   498 | D        | Noticed a slime creature
   499 | D        | Found a burning altar of Makhleb.
   499 | D        | Found a shimmering altar of Xom.
   507 | D        | Killed a slime creature
   507 | D        | Reached skill level 15 in Fighting
   507 | D        | Reached XP level 7. HP: 59/98 MP: 7/7
   679 | D        | Noticed Sonja
   680 | D        | Paralysed by Sonja for 4 turns
   698 | D        | HP: 3/98 [Sonja/uncursed dagger of draining (2)]
   699 | D        | HP: 1/98 [poisoned by Sonja (curare-tipped needle)]
   699 | D        | Slain by Sonja

Vault maps used:
D:        dungeon_sprint_1

Skill      XL: |  1  2  3  4  5  6 |
---------------+-------------------+-----
Fighting       | 5 9 12 15 | 15.4
Maces & Flails | 3 4 6 8 |  8.3
Dodging        | 3 |  3.7
Shields        | 3 |  3.7

Action                   |  1- 3 |  4- 6 |  7- 9 || total
-------------------------+-------+-------+-------++-------
Melee: Flail             |    32 |    29 |     9 ||    70
Invok: Bend Time         |       |       |     1 ||     1
  Use: Potion            |       |     1 |     1 ||     2
Armor: Robe              |     6 |     2 |     6 ||    14
Dodge: Dodged            |     6 |     1 |     9 ||    16
Block: Shield            |    20 |     8 |     8 ||    36

Table legend:
 A = Spawn XP
 B = Non-spawn XP
 C = Spawn XP percentage of total XP
 D = Spawn monster count
 E = Non-spawn monster count
 F = Spawn count percentage of total count
 G = Total turns spent on level
                    A         B        C        D         E        F      G
               +---------+---------+-------+---------+---------+-------+---------
         Total |       0 |     866 |   0.0 |       0 |       6 |   0.0 |   699
               +---------+---------+-------+---------+---------+-------+---------
             D |       0 |     866 |   0.0 |       0 |       6 |   0.0 |   699
               +---------+---------+-------+---------+---------+-------+---------
